 Dungeon Crawl Stone Soup version 0.31-a0-150-g89dc3ad700 (webtiles) character file.

Game seed: 1367741807125408986

91 qw the Shooter (level 4, 0/28 HPs)
             Began as a Gargoyle Hunter on June 8, 2023.
             Slain by a goblin
             ... wielding a +0 club
             ... led by Robin
              (3 damage)
             ... on level 2 of the Dungeon.
             The game lasted 00:00:25 (882 turns).

qw the Shooter (Gargoyle Hunter)                     Turns: 882, Time: 00:00:27

Health: 0/28       AC: 13    Str: 15    XL:     4   Next: 59%
Magic:  4/4        EV: 11    Int:  9    God:
Gold:   59         SH:  0    Dex: 15    Spells: 3/3 levels left

rFire   + . .        Y - +0 shortbow
rCold   . . .        (shield currently unavailable)
rNeg    + . .        k - +4 ring mail {rF+}
rPois   inf          (no helmet)
rElec   +            (no cloak)
rCorr   .            (no gloves)
SInv    .            (no boots)
Will    .....        (no amulet)
Stlth   +            (no ring)
HPRegen 0.24/turn    (no ring)
MPRegen 0.09/turn

%: no passive effects
@: no status effects
A: sickness immunity, AC +3, negative energy resistance 1, electricity
resistance, torment resistance 1, petrification resistance
a: no special abilities


You were on level 2 of the Dungeon.
You visited 1 branch of the dungeon, and saw 2 of its levels.

You collected 59 gold pieces.


Innate Abilities, Weirdness & Mutations

You are immune to sickness and miasma.
Your stone body is resilient. (AC +3)
You are immune to poison.
You resist negative energy. (rN+)
You are resistant to electric shocks. (rElec)
You are resistant to unholy torment.
You are immune to petrification.


   Skills:
 - Level 3.1 Fighting
 + Level 5.1 Ranged Weapons
 - Level 1.8 Armour
 - Level 1.5 Dodging
 - Level 1.1 Stealth


You had 3 spell levels left.
You didn't know any spells.
Your spell library was empty.

Inventory:

Hand Weapons
 Y - a +0 shortbow (weapon)
Armour
 k - a +4 ring mail of fire resistance (worn)
Scrolls
 a - a scroll of fog {unknown}
 b - a scroll of enchant armour {unknown}
Potions
 d - a potion of heal wounds {unknown}
 g - a potion of degeneration {unknown}
 i - a potion of attraction {unknown}

Dungeon Overview and Level Annotations

Branches:
Dungeon (2/15)

Altars:

Annotations:
D:2 Robin


Message History

The goblins go into a battle-frenzy!
The goblin hits you with a +0 club. The goblin hits you but does no damage.
The goblin closely misses you. The hobgoblin completely misses you.
The goblin hits you but does no damage.
You shoot an arrow. The arrow closely misses the hobgoblin.
The arrow hits Robin.
Robin is lightly wounded.
The goblin misses you. The goblin closely misses you. Robin barely misses you.
The hobgoblin closely misses you. The goblin hits you with a +0 club.
The goblin hits you but does no damage.
You shoot an arrow.
The arrow hits the hobgoblin but does no damage.
The hobgoblin is almost dead.
The goblin hits you but does no damage. x2; The goblin closely misses you.
Robin hits you but does no damage. The hobgoblin misses you.
The goblin hits you but does no damage.
The hobgoblin hits you but does no damage.
The goblin completely misses you. The goblin closely misses you.
Robin hits you but does no damage. The goblin misses you.
You shoot an arrow. The arrow hits the hobgoblin.
You kill the hobgoblin!
The goblin barely misses you.
The goblin hits you but does no damage. x3
Robin barely misses you.
You shoot an arrow. The arrow hits the goblin.
The goblin is severely wounded.
The goblin hits you but does no damage. The goblin barely misses you. x2
Robin misses you. The goblin hits you but does no damage.
You shoot an arrow. The arrow closely misses the goblin.
The arrow barely misses Robin.
The goblin barely misses you.
The goblin hits you but does no damage. x2
The goblin barely misses you. The goblin hits you but does no damage.
You shoot an arrow. The arrow hits the goblin.
You kill the goblin!
Robin hits you but does no damage. The goblin hits you but does no damage.
The goblin completely misses you. The goblin hits you but does no damage.
The goblin closely misses you.
You shoot an arrow. The arrow barely misses the goblin.
Robin closely misses you. The goblin misses you.
The goblin hits you but does no damage. x3; The goblin hits you with a +0 club.
You die... #.## #####.# #.# ###...###..... ... .. #......# #.# ) #.####....##### #.# g. #.............# #.# .gg

##....[######.#
#.####)g
...###..#
#.###.#..g ##.#
##.# #..g#.#.#
#.# ...
###g@)g.# #.#
#### #gg#.##
..# #....# ###
...#...#
...##..... ).#.
.....## ####
##..... ......


You could see Robin and 4 goblins.

Vanquished Creatures
  Natasha (twice) (D:2)
  3 dart slugs (D:1)
  3 bats (D:1)
  A giant cockroach (D:1)
  5 goblins
  5 hobgoblins
  3 jackals (D:1)
  A kobold (D:2)
  A quokka (D:1)
  5 ball pythons (D:1)
  2 frilled lizards (D:1)
  A rat (D:1)
32 creatures vanquished.

Vanquished Creatures (others)
  A goblin (D:2)
1 creature vanquished.

Grand Total: 33 creatures vanquished

Notes
Turn   | Place    | Note
-------+----------+-------------------------------------------
     0 | D:1      | qw the Gargoyle Hunter began the quest for the Orb.
     0 | D:1      | Reached XP level 1. HP: 12/12 MP: 1/1
     0 | D:1      | 0 ||| qw: Version: 0.2-a-120-gdf1a93b
     0 | D:1      | 0 ||| qw: Game counter: 3012
     0 | D:1      | 0 ||| qw: Always use a shield: true
     0 | D:1      | 0 ||| qw: God list: Okawaru
     0 | D:1      | 0 ||| qw: Allow faded altars: false
     0 | D:1      | 0 ||| qw: Do Orc after D:15 true
     0 | D:1      | 0 ||| qw: Do second Lair branch before Depths: true
     0 | D:1      | 0 ||| qw: Lair rune preference: random
     0 | D:1      | 0 ||| qw: Plans: Normal
     0 | D:1      | 0 ||| PLANNING D:1-11
    84 | D:1      | Reached XP level 2. HP: 17/17 MP: 2/2
   413 | D:1      | Reached XP level 3. HP: 16/21 MP: 3/3
   596 | D:1      | Reached skill level 5 in Ranged Weapons
   699 | D:1      | 699 ||| UPGRADING to +0 ring mail.
   709 | D:1      | 709 ||| DROPPING +0 leather armour.
   710 | D:1      | 710 ||| UPGRADING to +4 ring mail of fire resistance.
   720 | D:1      | 720 ||| DROPPING +0 ring mail.
   721 | D:1      | 721 ||| READING scroll labelled YTTADO DEXUI.
   725 | D:1      | 725 ||| READING scroll labelled TOORRULAPU.
   726 | D:1      | 726 ||| READING scroll labelled WINWIT KINA.
   727 | D:1      | 727 ||| READING scroll labelled HEUXEP MIAS.
   728 | D:1      | 728 ||| DROPPING scroll of butterflies.
   747 | D:2      | Noticed Natasha
   760 | D:2      | Killed Natasha
   761 | D:2      | Reached skill level 1 in Armour
   832 | D:2      | Noticed Natasha
   840 | D:2      | Killed Natasha
   841 | D:2      | Reached skill level 3 in Fighting
   841 | D:2      | Reached XP level 4. HP: 27/28 MP: 4/4
   851 | D:2      | Identified the +0 helmet of Elaep {rF+ Regen+ Int+3}
   851 | D:2      | Noticed Robin
   852 | D:2      | 852 ||| Stepping ~*~*~tactically~*~*~ (outnumbered).
   872 | D:2      | HP: 6/28 [goblin/+0 club[Robin] (3)]
   876 | D:2      | HP: 2/28 [goblin/+0 club[Robin] (3)]
   882 | D:2      | Slain by a goblin

Levels and vault maps discovered:
D:1:      sevenhm_arrival_forest_fort_small_4, layout_loops_cross
D:2:      layout_rooms, serial_bayou_lake_a, uniq_natasha, uniq_robin

Skill      XL: |  1  2  3 |
---------------+----------+-----
Ranged Weapons | 5 |  5.1
Armour         | 1 |  1.8
Fighting       | 3 |  3.1
Dodging        | |  1.5
Stealth        | |  1.1

Action                     |  1- 3 |  4- 6 || total
---------------------------+-------+-------++-------
   Fire: Shortbow          |    89 |    35 ||   124
    Use: Scroll            |     4 |       ||     4
 Armour: Leather armour    |    10 |       ||    10
         Ring mail         |     7 |    57 ||    64
  Dodge: Dodged            |    28 |    52 ||    80

Table legend:
 A = Non-vault XP
 B = Vault XP
 C = Vault XP percentage of total XP
 D = Non-vault monster count
 E = Vault monster count
 F = Vault count percentage of total count
                 A         B        C        D         E       F
            +---------+---------+-------+---------+---------+-------
      Total |      83 |      48 |  36.6 |      24 |       8 |  25.0
            +---------+---------+-------+---------+---------+-------
        D:1 |      42 |       0 |   0.0 |      21 |       0 |   0.0
        D:2 |      41 |      48 |  53.9 |       3 |       8 |  72.7
            +---------+---------+-------+---------+---------+-------
